 Dungeon Crawl Stone Soup version 0.18-a0-1570-gf60b0ab (webtiles) character file.

308 Eucla the Caller (level 6, 0/36 HPs)
             Began as an Octopode Summoner on Mar 14, 2016.
             Was an Initiate of Ru.
             Slain by a sky beast (2 damage)
             ... on level 5 of the Dungeon.
             The game lasted 00:07:58 (4718 turns).

Eucla the Caller (Octopode Summoner)                Turns: 4718, Time: 00:07:58

Health: 0/36       AC:  1    Str:  7    XL:     6   Next: 40%
Magic:  3/9        EV: 12    Int: 20    God:    Ru [......]
Gold:   216        SH:  0    Dex: 12    Spells: 3 memorised, 2 levels left

rFire  . . .     SeeInvis .     c - +0 long sword (curse)
rCold  . . .     Gourm    .     (no shield)
rNeg   . . .     Faith    .     (helmet restricted)
rPois  .         Spirit   .     (no amulet)
rElec  .         Dismiss  .     (no ring)
rCorr  .         Reflect  .     (no ring)
SustAt .         Harm     .     (no ring)
MR     .....                    (no ring)
Stlth  +++.......               (no ring)
                                (no ring)
                                (no ring)
                                (no ring)

@: not resistant to hostile enchantments, fairly stealthy
A: almost no armour, amphibious, 8 rings, constrict 8, camouflage 1, gelatinous
body 1
a: Renounce Religion


You were on level 5 of the Dungeon.
You worshipped Ru.
Ru was noncommittal.
You were not hungry.

You visited 2 branches of the dungeon, and saw 6 of its levels.

You collected 216 gold pieces.

Inventory:

Hand Weapons
 c - a cursed +0 long sword (weapon)
 e - a +0 dagger
 u - a +0 great sword
Magical Staves
 r - an uncursed staff of poison
Jewellery
 l - an uncursed ring of flight {unknown}
 m - a cursed ring of loudness {unknown}
 v - an uncursed ring of sustain attributes {unknown}
Wands
 f - a wand of enslavement (18/24)
 w - a wand of hasting (5/9)
Scrolls
 d - 3 scrolls of blinking {unknown}
 g - 3 scrolls of identify {unknown}
 k - 3 scrolls of enchant armour {unknown}
 p - 2 scrolls of random uselessness {unknown}
 q - a scroll of recharging {unknown}
 s - 2 scrolls of noise {unknown}
 t - a scroll of fear {unknown}
Potions
 h - a potion of resistance
 i - 2 potions of degeneration {unknown}
 j - a potion of agility {unknown}
 n - a potion of haste {unknown}
 o - a potion of flight {unknown}
 x - a potion of might {unknown}
Books
 a - a book of Callings

   Spells                             Type                      Level
   a - Summon Small Mammal            Summoning                    1
   b - Call Imp                       Summoning                    2
   c - Call Canine Familiar           Summoning                    3
   d - Summon Guardian Golem          Hexes/Summoning              3
   e - Summon Lightning Spire         Summoning/Air                4
   f - Summon Ice Beast               Ice/Summoning                4
 y - a book of Air

   Spells                             Type                      Level
   a - Shock                          Conjuration/Air              1
   b - Swiftness                      Charms/Air                   2
   c - Repel Missiles                 Charms/Air                   2
   d - Static Discharge               Conjuration/Air              3
   e - Lightning Bolt                 Conjuration/Air              5
Comestibles
 b - 2 bread rations


   Skills:
 + Level 2.0 Dodging
 - Level 2.6 Stealth
 + Level 2.0 Spellcasting
 + Level 7.1 Summonings
 + Level 2.0 Air Magic


You had 2 spell levels left.
You knew the following spells:

 Your Spells              Type           Power        Failure   Level  Hunger
a - Summon Small Mammal   Summ           ####         1%          1    #......
b - Call Imp              Summ           ####....     1%          2    ##.....
c - Summon Lightning Spi  Summ/Air       ###.....     24%         4    #####..


Dungeon Overview and Level Annotations

Branches:
Dungeon (5/15)             Temple (1/1) D:4

Altars:
Ashenzari
Cheibriados
Dithmenos
Elyvilon
Fedhas
Makhleb
Nemelex Xobeh
Okawaru
Pakellas
Ru
Vehumet
Xom
Yredelemnul
Zin


Innate Abilities, Weirdness & Mutations

You cannot wear most types of armour.
You are amphibious.
You can wear up to eight rings at the same time.
You can use your tentacles to constrict eight enemies at once.
Your skin changes colour to match your surroundings (Stealth).
Your rubbery body absorbs attacks (AC +1).


Message History

The sky beast shocks you.
Unknown command.
You closely miss the sky beast.
The sky beast is severely wounded.
The sky beast hits you but does no damage.
Unknown command.
You closely miss the sky beast.
The sky beast is severely wounded.
The sky beast barely misses you.
Your crimson imp hits the sky beast.
You barely miss the sky beast. You squeeze the sky beast!
The sky beast is almost dead.
The sky beast flickers out of sight!
Deactivating autopickup; reactivate with Ctrl-A.
Something hits you.
* * * LOW HITPOINT WARNING * * *
Something shocks you.
* * * LOW HITPOINT WARNING * * *
Your crimson imp closely misses something. x2
Something hits you.
You die...

## # ... #. ..#
#.############# #.#
#..............
###.#.##...########## .. ..
..................
#.####.####.####...########
............@.........##
.......####{#########..######
....(..#...5.....# ##......#
.......#....5....# #......#
.......#..[......# #......#
#..............### #......#
..........#(.......# #......#
..#.......#...####.# #......#
#.......#...# #.# #......#


You could see a friendly crimson imp.

Vanquished Creatures
  A phantom (D:4)
  A scorpion (D:4)
  Jessica (D:2)
  4 adders
  An ooze (D:3)
  5 worms
  3 dart slugs (D:1)
  2 giant geckos
  4 bats
  4 giant cockroaches
  7 goblins
  9 hobgoblins
  3 jackals (D:3)
  5 kobolds
  4 quokkas
  A giant gecko skeleton (D:4)
  4 giant newts
  7 rats
66 creatures vanquished.

Vanquished Creatures (collateral kills)
  A centaur zombie (D:4)
  5 adders (D:2)
  A worm (D:2)
  A giant gecko (D:2)
  A bat (D:2)
9 creatures vanquished.

Grand Total: 75 creatures vanquished

Notes
Turn   | Place    | Note
--------------------------------------------------------------
     0 | D:1      | Eucla the Octopode Summoner began the quest for the Orb.
     0 | D:1      | Reached XP level 1. HP: 11/11 MP: 3/3
   172 | D:1      | Reached XP level 2. HP: 4/17 MP: 5/5
   278 | D:1      | Learned a level 2 spell: Call Imp
   863 | D:2      | Noticed Jessica
   868 | D:2      | Killed Jessica
   868 | D:2      | Reached skill level 5 in Summonings
   868 | D:2      | Reached XP level 3. HP: 21/21 MP: 6/6
  1183 | D:2      | Reached XP level 4. HP: 24/27 MP: 7/7
  1189 | D:2      | Learned a level 4 spell: Summon Lightning Spire
  1539 | D:2      | Found a white marble altar of Elyvilon.
  2023 | D:2      | Found a blossoming altar of Fedhas.
  2126 | D:2      | Reached skill level 6 in Summonings
  2137 | D:2      | Reached XP level 5. HP: 17/31 MP: 4/8
  2229 | D:3      | Reached skill level 1 in Air Magic
  3127 | D:4      | Noticed a phantom
  3193 | D:4      | HP: 1/31 [phantom (10)]
  3260 | D:4      | Killed a phantom
  3636 | D:4      | Found a staircase to the Ecumenical Temple.
  3642 | Temple   | Entered the Ecumenical Temple
  3763 | Temple   | Became a worshipper of Ru the Awakened
  3809 | D:4      | Reached XP level 6. HP: 19/36 MP: 9/9
  3882 | D:4      | Reached skill level 7 in Summonings
  4631 | D:5      | Entered Level 5 of the Dungeon
  4687 | D:5      | Noticed a sky beast
  4718 | D:5      | Slain by a sky beast

Vault maps used:
D:1:      dpeg_arrival_rooms_c, grunt_decor_one_mirror, minmay_crystal_water
D:2:      marbit_many_paths, lemuel_round_altar, uniq_jessica
D:4:      minmay_temple_entry_hall
D:5:      first_bread
Temple:   eino_temple_water_12

Skill      XL: |  1  2  3  4  5  6 |
---------------+-------------------+-----
Summonings     | 5 6 7 |  7.1
Air Magic      | 1 2 |  2.0
Dodging        | |  2.0
Stealth        | |  2.6
Spellcasting   | |  2.0

Action                   |  1- 3 |  4- 6 || total
-------------------------+-------+-------++-------
Melee: Dagger            |    47 |   132 ||   179
       Unarmed           |     3 |       ||     3
       Great sword       |       |    11 ||    11
       Long sword        |       |    22 ||    22
 Cast: Call Imp          |     3 |    10 ||    13
       Summon Lightning  |       |     3 ||     3
  Use: Potion            |       |     2 ||     2
 Stab: Sleeping          |     8 |    14 ||    22
       Distracted        |       |     1 ||     1
  Eat: Chunk             |       |     6 ||     6
       Fruit             |       |     3 ||     3
       Beef jerky        |       |     1 ||     1
       Meat ration       |       |     1 ||     1
